 Seeded DCSS version 0.29.1-15-g9cfb28693d (webtiles) character file.

Game seed: 6279725465790686602 (custom seed)

58 Psyclone the Trooper (level 3, 28/28 HPs)
             Began as a Deep Elf Conjurer on Sept 24, 2023.
             Quit the game on level 1 of the Dungeon.
             The game lasted 00:01:36 (684 turns).

Psyclone the Trooper (Deep Elf Conjurer)             Turns: 684, Time: 00:01:36

Health: 28/28      AC:  3    Str:  4    XL:     3   Next: 75%
Magic:  7/10       EV: 12    Int: 24    God:
Gold:   90         SH:  0    Dex: 13    Spells: 6/9 levels left

rFire   . . .      SeeInvis .   (no weapon)
rCold   . . .      Faith    .   (no shield)
rNeg    . . .      Spirit   .   a - +0 robe
rPois   .          Reflect  .   (no helmet)
rElec   .          Harm     .   (no cloak)
rCorr   .          Rampage  .   e - +0 pair of gloves
Will    .....                   (no boots)
Stlth   ++........              (no amulet)
HPRegen 0.09/turn               (no ring)
MPRegen 0.12/turn               (no ring)

@: no status effects
A: no striking features
a: no special abilities


You were on level 1 of the Dungeon.
You visited 1 branch of the dungeon, and saw 1 of its levels.

You collected 90 gold pieces.

Inventory:

Armour
 a - a +0 robe (worn)
 e - a +0 pair of gloves (worn)
Scrolls
 c - a scroll of identify {unknown}
 h - a scroll of silence {unknown}
Potions
 b - a potion of magic
 f - a potion of might {unknown}
 g - a potion of curing {unknown}


   Skills:
 - Level 7.5 Fighting
 - Level 2.4 Dodging
 - Level 2.4 Stealth
 + Level 3.9 Spellcasting
 + Level 4.9 Conjurations


You had 6 spell levels left.
You knew the following spells:

 Your Spells              Type           Power      Damage    Failure   Level
a - Magic Dart            Conj           100%       1d8       1%          1
b - Searing Ray           Conj           56%        2d6       1%          2

Your spell library contained the following spells:

 Spells                   Type           Power      Damage    Failure   Level
 Dazzling Flash           Conj/Hex       32%        N/A       11%         3
 Fulminant Prism          Conj/Hex       8%         3d7       34%         4
 Iskenderun's Mystic Bla  Conj/Tloc      16%        2d5       34%         4


Dungeon Overview and Level Annotations

Branches:
Dungeon (1/15) Zot: 5316

Altars:

Shops:
D:1 [


Message History

You can't see any susceptible monsters within range! (Use Z to cast anyway.) Unknown command.
You see here a +0 dagger.
You see here 3 stones.
h - a scroll labelled LAS OXANIS You now have 90 gold pieces (gained 9).
MP restored: 8
Found a quarterstaff.
As you open the door, it creaks loudly!
You hear a shout!
Found 2 stones.
A hobgoblin comes into view.
A hobgoblin is nearby!
Casting: Magic Dart (safe; 1% risk of failure)
Confirm with . or Enter, or press ? or * to list all spells.
Aiming: Magic Dart (safe; 1% risk of failure)
Press: ? - help, Shift-Dir - straight line, f - hobgoblin
Aim: a hobgoblin (100% to hit)
The magic dart hits the hobgoblin.
The hobgoblin is moderately wounded.
You now have 7/8 mp.
Casting: Magic Dart (safe; 1% risk of failure)
Confirm with . or Enter, or press ? or * to list all spells.
Aiming: Magic Dart (safe; 1% risk of failure)
Press: ? - help, Shift-Dir - straight line, f/p - hobgoblin
Aim: a hobgoblin (moderately wounded, 100% to hit)
The magic dart hits the hobgoblin.
You kill the hobgoblin!
You now have 6/8 mp.
Casting: Magic Dart (safe; 1% risk of failure)
Confirm with . or Enter, or press ? or * to list all spells.
You can't see any susceptible monsters within range! (Use Z to cast anyway.) Unknown command.
It was a potion of experience.
You feel more experienced!
Your Fighting skill gained 7 levels and is now at level 7!
You have reached level 3!
Your experience leads to an increase in your attributes!
Increase (S)trength, (I)ntelligence, or (D)exterity?
You feel clever. x2
Health restored: 28 Are you sure you want to abandon this character and quit the game? (Confirm with "yes".)

#......#.#.#..........
######.#.#.#....######
#.#.#.#....# ##
#.#.#......# ♣)
#.#.###....# #♣
####'#........# ♣.
#.......##....######
#####..................#
.(....)@................
######################.#
#.# #.# #.# #.# #.. ###


There were no monsters in sight!

Vanquished Creatures
  A dart slug (D:1)
  4 endoplasms (D:1)
  A goblin (D:1)
  3 hobgoblins (D:1)
  3 quokkas (D:1)
  2 ball pythons (D:1)
  3 bats (D:1)
  A frilled lizard (D:1)
  A kobold (D:1)
19 creatures vanquished.

Notes
Turn   | Place    | Note
-------+----------+-------------------------------------------
     0 | D:1      | Psyclone the Deep Elf Conjurer began the quest for the Orb.
     0 | D:1      | Reached XP level 1. HP: 10/10 MP: 6/6
   100 | D:1      | Found Yzuitol's Armour Boutique.
   242 | D:1      | Reached XP level 2. HP: 15/15 MP: 4/8
   403 | D:1      | Learned a level 2 spell: Searing Ray
   683 | D:1      | Reached skill level 7 in Fighting
   683 | D:1      | Reached XP level 3. HP: 28/28 MP: 7/10
   684 | D:1      | Quit the game

Illustrated notes

Levels and vault maps discovered:
D:1:      tarquinn_simple_flora_water_d, layout_basic,
          ebering_ecumenical_altar_abandoned, serial_shops, nicolae_shop_crystal

Skill      XL: |  1  2 |
---------------+-------+-----
Fighting       | 7 |  7.5
Dodging        | |  2.4
Stealth        | |  2.4
Spellcasting   | |  3.9
Conjurations   | |  4.9

Action                   || total
-------------------------++-------
 Cast: Magic Dart        ||    36
  Use: Potion            ||     1
